 Dungeon Crawl Stone Soup version 0.28.0 (webtiles) character file.

Game seed: 17599661780194874120

759 Hasart the Insei (level 7, -1/54 HPs)
             Began as an Octopode Transmuter on Feb 19, 2022.
             Succumbed to a water moccasin's poison
             ... on level 5 of the Dungeon.
             The game lasted 00:07:46 (6338 turns).

Hasart the Insei (Octopode Transmuter)              Turns: 6338, Time: 00:07:47

Health: -1/54      AC:  6    Str:  9    XL:     7   Next: 80%
Magic:  8/11       EV: 10    Int: 18    God:
Gold:   173        SH:  0    Dex: 12    Spells: 2/12 levels left

rFire   x . .      SeeInvis .     - Unarmed
rCold   + + +      Faith    .   (shield currently unavailable)
rNeg    . . .      Spirit   .   (helmet currently unavailable)
rPois   +          Reflect  .   (no amulet)
rElec   .          Harm     .   (no ring)
rCorr   .          Rampage  .   (no ring)
Will    .....                   (no ring)
Stlth   +.........              (no ring)
HPRegen 0.18/turn               (no ring)
MPRegen 0.12/turn               (no ring)
                                (no ring)
                                (no ring)

@: lethally poisoned (-1 -> -10), ice-form, hasted, very quick
A: freezing attack, boosted hp, almost no armour, amphibious, 8 rings, large,
(camouflage 1), (gelatinous body 1), (nimble swimmer 1), (tentacles)
a: End Transformation


You were on level 5 of the Dungeon.
You were a creature of crystalline ice.
You visited 1 branch of the dungeon, and saw 5 of its levels.

You collected 173 gold pieces.

Inventory:

Jewellery
 r - an amulet of the acrobat
 s - a ring of fire
Wands
 j - a wand of charming (17)
Scrolls
 a - a scroll of fog {unknown}
 c - a scroll of amnesia {unknown}
 d - a scroll of teleportation {unknown}
 e - 2 scrolls of identify {unknown}
 f - a scroll of fear {unknown}
 h - a scroll of acquirement {unknown}
 l - a scroll of vulnerability {unknown}
 n - a scroll of immolation {unknown}
 q - a scroll of enchant weapon {unknown}
Potions
 b - a potion of haste
 g - 2 potions of flight {unknown}
 i - a potion of might {unknown}
 k - 2 potions of brilliance {unknown}
 m - 2 potions of heal wounds {unknown}
 o - a potion of degeneration {unknown}
 p - 3 potions of curing {unknown}


   Skills:
 + Level 2.7 Fighting
 + Level 3.4 Dodging
 * Level 5.2 Unarmed Combat
 + Level 3.2 Spellcasting
 + Level 3.5 Transmutations
 * Level 2.4 Ice Magic
 + Level 3.6 Poison Magic


You had 2 spell levels left.
You knew the following spells:

 Your Spells              Type           Power      Damage    Failure   Level
a - Beastly Appendage     Tmut           30%        N/A       3%          1
b - Wereblood             Tmut           15%        N/A       5%          2
c - Spider Form           Tmut/Pois      15%        N/A       11%         3
d - Ice Form              Ice/Tmut       13%        N/A       43%         4

Your spell library contained the following spells:

 Spells                   Type           Power      Damage    Failure   Level
 Corpse Rot               Necr/Air       4%         N/A       24%         2
 Dispel Undead            Necr           2%         3d7       85%         4
 Fireball                 Conj/Fire      1%         3d3       99%         5
 Iskenderun's Battlesphe  Conj           2%         2d6       99%         5
 Conjure Ball Lightning   Conj/Air       1%         3x3d6     100%        6
 Death Channel            Necr           1%         N/A       100%        6
 Orb of Destruction       Conj           1%         9d5       100%        7


Dungeon Overview and Level Annotations

Branches:
Dungeon (5/15)
 Temple: D:4-7

Altars:
Fedhas
Hepliaklqana
Okawaru
Qazlal
Ru
Sif Muna
Wu Jian
Xom
Yredelemnul

Shops:
D:4 *

Annotations:
D:4 exclusion: oklob plant
D:5 Ijyb, Pikel


Innate Abilities, Weirdness & Mutations

You are a creature of crystalline ice.
You have a powerful freezing melee attack.
Your maximum health is increased.
Your armour is entirely melded.
You are incapable of wielding weapons or throwing items.
You cannot wear most types of armour.
You are amphibious.
You can wear up to eight rings at the same time.
((Your skin changes colour to match your surroundings (Stealth+).))
((Your rubbery body absorbs attacks. (AC +1, EV +1)))
((You are camouflaged when in or above water. (Stealth+)))
((You have tentacles for arms and can constrict up to eight enemies at once.))


Message History

You turn into a creature of crystalline ice.
The water moccasin hisses angrily.
You hear a shout! x2
Pikel, Merchant of Souls comes into view.
He is wielding a +1 whip of freezing.
You hit the water moccasin. You freeze the water moccasin.
The water moccasin is moderately wounded.
The water moccasin bites you.
You are poisoned.
The water moccasin poisons you!
You punch the water moccasin! You freeze the water moccasin.
The water moccasin is almost dead.
You feel very sick. The water moccasin bites you.
A lemure comes into view. x2
The water moccasin bites you but does no damage.
You barely miss the water moccasin.
The water moccasin is almost dead.
You feel sick.
The lemure shouts! x2
The water moccasin bites you!
You are more poisoned.
The water moccasin poisons you!
You hit the water moccasin. You freeze the water moccasin.
You kill the water moccasin!
You feel very sick.
You closely miss Pikel.
You feel very sick.
Pikel hits you with a +1 whip of freezing.
You barely miss Pikel.
You feel very sick.
Pikel hits you with a +1 whip of freezing!
* * * LOW HITPOINT WARNING * * *
You punch Pikel! You freeze Pikel.
Pikel is moderately wounded.
* * * LOW HITPOINT WARNING * * *
You feel very sick.
Pikel hits you with a +1 whip of freezing!
* * * LOW HITPOINT WARNING * * *
Unknown command.
It was a potion of haste.
You feel yourself speed up.
You die...

####...# #.###.#
###...##.###.#.#.#
....#.##.........#
###...#######...##
##.## #...# #.#
#...# ####.# #.).#
#.##.###
#...########
.#.....#
#...YK55....
###..#.###
#...####...#
.#............... #
..##..............
..##.#.............
........#####...####
#.##.##.# #....
#.##>##.# #...
#.......#


You could see Pikel and 2 lemures.

Vanquished Creatures
  A water moccasin (D:5)
  A black bear (D:4)
  An ogre (D:4)
  A centaur (D:4)
  A lemure (D:5)
  A water moccasin zombie (D:5)
  A water moccasin skeleton (D:4)
  A centaur zombie (D:3)
  A bullfrog zombie (D:5)
  A centaur skeleton (D:4)
  Robin (D:2)
  7 adders
  4 worms
  A dart slug (D:1)
  12 orcs
  7 ball pythons
  8 endoplasms
  5 giant cockroaches
  17 goblins
  9 hobgoblins
  6 kobolds
  6 quokkas
  2 bats
  A frilled lizard (D:2)
  6 rats
102 creatures vanquished.

Notes
Turn   | Place    | Note
-------+----------+-------------------------------------------
     0 | D:1      | Hasart the Octopode Transmuter began the quest for the Orb.
     0 | D:1      | Reached XP level 1. HP: 13/13 MP: 3/3
    81 | D:1      | Found a faded altar of an unknown god.
   241 | D:1      | Reached XP level 2. HP: 17/18 MP: 5/5
   719 | D:1      | Reached XP level 3. HP: 21/23 MP: 6/6
   722 | D:1      | Learned a level 2 spell: Wereblood
   726 | D:1      | Learned a level 3 spell: Spider Form
   900 | D:2      | Noticed Robin
  1388 | D:2      | HP: 1/23 [goblin[Robin] (4)]
  1400 | D:2      | Killed Robin
  1401 | D:2      | Reached skill level 1 in Poison Magic
  1401 | D:2      | Reached XP level 4. HP: 16/28 MP: 7/7
  2286 | D:2      | Identified the +5 mace of Calew {vorpal, rElec rCorr Int+3}
  2458 | D:3      | Reached XP level 5. HP: 31/34 MP: 8/8
  2673 | D:3      | Identified the +0 leather armour of Ufibrut {rElec Dex+4}
  2872 | D:3      | Found a basalt altar of Yredelemnul.
  2885 | D:3      | Reached skill level 4 in Unarmed Combat
  3276 | D:3      | Found a hazy altar of Hepliaklqana.
  3276 | D:3      | Found a shimmering blue altar of Sif Muna.
  3284 | D:3      | Found a stormy altar of Qazlal.
  3286 | D:3      | Found an iron altar of Okawaru.
  3288 | D:3      | Found an ornate altar of the Wu Jian Council.
  3559 | D:4      | Found a blossoming altar of Fedhas.
  3914 | D:4      | Found a shimmering altar of Xom.
  3922 | D:4      | Reached XP level 6. HP: 32/39 MP: 10/10
  4181 | D:4      | Found Cedabban's General Store.
  4533 | D:4      | Learned a level 4 spell: Ice Form
  4688 | D:4      | Found a sacrificial altar of Ru.
  4928 | D:4      | Noticed a black bear
  5080 | D:5      | Entered Level 5 of the Dungeon
  5094 | D:5      | Noticed a water moccasin
  5208 | D:4      | Killed a black bear
  5209 | D:4      | Reached skill level 1 in Ice Magic
  5391 | D:4      | Reached XP level 7. HP: 28/45 MP: 8/11
  5770 | D:4      | Noticed an oklob plant
  5893 | D:5      | Identified the +4 short sword of the Coin {pain, rN++ Int-2
                  | Dex+3}
  6012 | D:5      | Noticed Ijyb
  6032 | D:5      | Reached skill level 5 in Unarmed Combat
  6330 | D:5      | Noticed Pikel
  6337 | D:5      | HP: 1/54 [Pikel (9)]
  6338 | D:5      | Succumbed to a water moccasin's poison

Illustrated notes

Levels and vault maps discovered:
D:1:      erik_arrival_blinker_ship, layout_loops_ring,
          chequers_ecumenical_altar_island, minmay_misc_feat_cross,
          minmay_misc_feat_five
D:2:      layout_basic, kennysheep_nondescript, uniq_robin
D:3:      layout_loops_ring, nicolae_overflow_crystal_walls,
          chequers_temple_overflow_minitemple, gup_sewer_entry_bowl,
          kennysheep_generic_room_2
D:4:      minmay_chambers_of_twos, layout_basic,
          mainiacjoe_overflow_concentric_impassable, tgw_fedhas,
          overflow_temple_1_default, serial_shops, nicolae_diamond_shop
D:5:      layout_loops_cross, uniq_ijyb, uniq_pikel

Skill      XL: |  1  2  3  4  5  6  7 |
---------------+----------------------+-----
Poison Magic   | 1 2 3 |  3.6
Unarmed Combat | 4 5 |  5.2
Fighting       | 2 |  2.7
Transmutations | 3 |  3.5
Dodging        | 3 |  3.4
Ice Magic      | 1 2 |  2.4
Spellcasting   | 3 |  3.2

Action                   |  1- 3 |  4- 6 |  7- 9 || total
-------------------------+-------+-------+-------++-------
Melee: Unarmed           |    91 |   135 |    45 ||   271
       Constrict         |    24 |    31 |     4 ||    59
       Tentacles         |    17 |    33 |     7 ||    57
       Punch             |     2 |     7 |     2 ||    11
       Kick              |       |     4 |       ||     4
 Cast: Spider Form       |     1 |     2 |     3 ||     6
       Wereblood         |     1 |     1 |       ||     2
       Beastly Appendage |       |     1 |       ||     1
       Ice Form          |       |       |     1 ||     1
  Use: Potion            |       |       |     1 ||     1
 Stab: Sleeping          |     6 |     8 |     2 ||    16
       Distracted        |     1 |     1 |     1 ||     3
Armor: Skin              |     5 |    12 |     3 ||    20
Dodge: Dodged            |    51 |    94 |    17 ||   162
